 Dungeon Crawl Stone Soup version 0.31-a0-1159-g800acc2fd1 (webtiles) character file.

Game seed: 15092960839296598054

72 Malachi the Insei (level 4, -1/28 HPs)
             Began as an Octopode Shapeshifter on Dec 8, 2023.
             Killed from afar by a steam dragon (14 damage)
             ... with a ball of steam
             ... on level 3 of the Dungeon.
             The game lasted 00:01:45 (1784 turns).

Malachi the Insei (Octopode Shapeshifter)           Turns: 1784, Time: 00:01:46

Health: -1/28      AC:  1    Str: 13    XL:     4   Next: 26%
Magic:  4/4        EV: 13    Int: 12    God:
Gold:   122        SH:  5    Dex: 13    Spells: 3/3 levels left

rFire   . .          .
                       - Unarmed
rCold   . . .        (no shield)
rNeg    . . .        (helmet currently unavailable)
rPois   .            e - amulet of reflection
rElec   .            (no ring)
rCorr   .            (no ring)
SInv    .            (no ring)
Will    .....        (no ring)
Stlth   ++           (no ring)
HPRegen 0.24/turn    (no ring)
MPRegen 0.09/turn    (no ring)
                     (no ring)

%: reflection
@: beast-form
A: beast (slay +1), almost no armour, amphibious, 8 rings, camouflage 1,
gelatinous body 1, (nimble swimmer 1), tentacles
a: Begin Untransformation


You were on level 3 of the Dungeon.
You were a hulking beast.
You visited 1 branch of the dungeon, and saw 3 of its levels.

You collected 122 gold pieces.

Inventory:

Jewellery
 e - an amulet of reflection (around mantle)
Talismans
 b - a beast talisman
 c - a flux talisman
Scrolls
 f - a scroll of fear
 k - a scroll of noise
Potions
 a - a potion of lignification
 g - a potion of haste {unknown}
 h - a potion of brilliance {unknown}
 n - a potion of heal wounds {unknown}
 p - a potion of curing {unknown}
 r - a potion of ambrosia {unknown}


   Skills:
 - Level 1.0 Fighting
 - Level 2.0 Dodging
 + Level 5.0 Unarmed Combat
 - Level 3.0 Shapeshifting


You had 3 spell levels left.
You didn't know any spells.
Your spell library was empty.

Dungeon Overview and Level Annotations

Branches:
Dungeon (3/15)

Altars:

Shops:
D:1 [   D:3 *


Innate Abilities, Weirdness & Mutations

You are a hulking beast.
Your limbs bulge with bestial killing power. (Slay +1)
You cannot wear most types of armour.
You are amphibious.
You can wear up to eight rings at the same time.
Your skin changes colour to match your surroundings (Stealth+).
Your rubbery body absorbs attacks. (AC +1, EV +1)
((You are camouflaged when in or above water. (Stealth+)))
You have tentacles for arms and can constrict up to eight enemies at once.


Message History

Done waiting.
Done exploring.
Done exploring.
There is a stone staircase leading down here.
Okay, then.
As you read the scroll of identify, it crumbles to dust.
i - 2 potions of degeneration You drop 2 potions of degeneration.
You climb downwards.
You hear the sound of rushing water.
There is an entrance to a sewer on this level.
Hurry and find it before the portal rusts away!
Found 16 gold pieces.
Found Relet's General Store.
Found a stone staircase leading down.
There is a stone staircase leading up here.
An endoplasm is nearby!
An endoplasm is nearby!
An endoplasm is nearby!
Found 13 gold pieces.
The helpless endoplasm fails to defend itself.
You bludgeon the endoplasm!
You kill the endoplasm!
No target in view!
Found a shortbow.
You now have 122 gold pieces (gained 16).
A steam dragon comes into view.
Okay, then.
The steam dragon hisses angrily.
The steam dragon breathes steam at you. The ball of steam hits you!
Ouch! That really hurt!
You block the steam dragon's attack. The steam dragon barely misses you.
You tentacle-slap the steam dragon. You squeeze the steam dragon!
The steam dragon is moderately wounded.
The steam dragon misses you. The steam dragon claws you.
You tentacle-slap the steam dragon.
The steam dragon is heavily wounded.
The steam dragon breathes steam at you. The ball of steam hits you!
Ouch! That really hurt!
You die...

#### #... ##..# #..#
##########
#########.#####.........
......§§...§............
......D.§.....<.........
####..h∩...............
#...§§§.............
##.§................
##......>..........
#.................
....###............
#.##.....#######... .
####.. $## #. .


You could see a steam dragon (catching breath).

Vanquished Creatures
  2 adders (D:2)
  3 worms (D:2)
  A dart slug (D:1)
  4 ball pythons
  4 bats
  5 endoplasms
  2 giant cockroaches (D:1)
  3 goblins
  4 hobgoblins
  A jackal (D:2)
  2 frilled lizards (D:2)
  5 kobolds
  7 rats
43 creatures vanquished.

Notes
Turn   | Place    | Note
-------+----------+-------------------------------------------
     0 | D:1      | Malachi the Octopode Shapeshifter began the quest for the
                  | Orb.
     0 | D:1      | Reached XP level 1. HP: 13/13 MP: 1/1
   144 | D:1      | Reached XP level 2. HP: 18/18 MP: 2/2
   348 | D:1      | Found Mihy's Armour Emporium.
   501 | D:1      | Reached skill level 4 in Unarmed Combat
   663 | D:2      | Reached XP level 3. HP: 23/23 MP: 3/3
  1211 | D:2      | Reached XP level 4. HP: 28/28 MP: 4/4
  1545 | D:2      | Reached skill level 5 in Unarmed Combat
  1765 | D:3      | Found Relet's General Store.
  1776 | D:3      | Noticed a steam dragon
  1784 | D:3      | Killed from afar by a steam dragon

Illustrated notes

Levels and vault maps discovered:
D:1:      sevenhm_arrival_forest_fort_small_4, layout_basic, serial_shops, shop
D:2:      layout_basic, minmay_split_cup_large
D:3:      layout_rooms, mainiacjoe_overflow_brackets, lemuel_round_altar,
          nicolae_hepliaklqana_ecumenical_no_more, lemuel_round_altar,
          gup_sewer_entry_bowl, serial_shops, nicolae_shop_getting_attention

Skill      XL: |  1  2  3  4 |
---------------+-------------+-----
Unarmed Combat | 4 5 |  5.0
Fighting       | |  1.0
Dodging        | |  2.0
Shapeshifting  | |  3.0

Action                     |  1- 3 |  4- 6 || total
---------------------------+-------+-------++-------
  Melee: Unarmed           |    57 |    21 ||    78
         Constrict         |    16 |     3 ||    19
         Tentacles         |    11 |     3 ||    14
         Punch             |     1 |     1 ||     2
    Use: Scroll            |       |     8 ||     8
   Stab: Sleeping          |     8 |     1 ||     9
 Armour: Skin              |    13 |     6 ||    19
  Dodge: Dodged            |    32 |     7 ||    39
  Block: Other             |    11 |     7 ||    18
         Reflection        |     2 |       ||     2

Table legend: (Time is in decaauts)
 A = Elapsed time spent in this place.
 B = Non-inter-level travel time spent in this place.
 C = Inter-level travel time spent in this place.
 D = Time resting spent in this place.
 E = Time spent auto-exploring this place.
 F = Levels seen in this place.
 G = Mean time per level.
                   A        B        C        D        E       F      G
               +--------+--------+--------+--------+--------+-----+--------+
         Total |   1777 |   1735 |     42 |    104 |   1364 |   3 |  592.3 |
       Dungeon |   1777 |   1735 |     42 |    104 |   1364 |   3 |  592.3 |
               +--------+--------+--------+--------+--------+-----+--------+

Top non-repeatable levels by time:
     D:2: 1154 daAuts
     D:1: 604 daAuts
     D:3: 18 daAuts
